 Dungeon Crawl Stone Soup version 0.18-a0-1677-g2bdad6c (webtiles) character file.

13 George the Magician (level 2, -1/20 HPs)
             Began as a Mummy Wizard on Apr 2, 2016.
             Slain by a goblin
             ... wielding a +0 spear
              (6 damage)
             ... on level 2 of the Dungeon.
             The game lasted 00:01:35 (773 turns).

George the Magician (Mummy Wizard)                   Turns: 773, Time: 00:01:36

Health: -1/20      AC:  2    Str: 10    XL:     2   Next: 24%
Magic:  0/6        EV: 12    Int: 17    God:
Gold:   13         SH:  0    Dex: 10    Spells: 1 memorised, 6 levels left

rFire  x . .     SeeInvis .     d - +0 mace
rCold  + . .     Gourm    .     a - +0 robe
rNeg   + + +     Faith    .     (no shield)
rPois  ∞         Spirit   .     b - +0 hat
rElec  .         Dismiss  .     (no cloak)
rCorr  .         Reflect  .     (no gloves)
SustAt .         Harm     .     (no boots)
MR     .....                    (no amulet)
Stlth  ++........               (no ring)
                                (no ring)

@: not resistant to hostile enchantments, unstealthy
A: no food or potions, fire vulnerability, cold resistance 1, negative energy
resistance 3, torment resistance, unbreathing
a: no special abilities


You were on level 2 of the Dungeon.
You were not hungry.

You visited 1 branch of the dungeon, and saw 2 of its levels.

You collected 13 gold pieces.

Inventory:

Hand Weapons
 d - a +0 mace (weapon)
Missiles
 f - a throwing net (quivered)
Armour
 a - a +0 robe (worn)
 b - a +0 hat (worn)
Scrolls
 e - a scroll of blinking {unknown}
 g - a scroll of remove curse {unknown}
 h - a scroll of enchant weapon {unknown}
 i - 2 scrolls of identify {unknown}
 j - a scroll of teleportation {unknown}
 k - 3 scrolls of enchant armour {unknown}
Books
 c - a book of Minor Magic

   Spells                             Type                      Level
   a - Magic Dart                     Conjuration                  1
   b - Blink                          Translocation                2
   c - Call Imp                       Summoning                    2
   d - Repel Missiles                 Charms/Air                   2
   e - Slow                           Hexes                        2
   f - Conjure Flame                  Conjuration/Fire             3
   g - Mephitic Cloud                 Conjuration/Poison/Air       3


   Skills:
 + Level 0.8 Fighting
 + Level 1.8 Dodging
 - Level 1.5 Stealth
 + Level 3.1 Spellcasting
 + Level 1.0 Conjurations
   Level 0.7 Summonings
   Level 0.7 Translocations


You had 6 spell levels left.
You knew the following spells:

 Your Spells              Type           Power        Failure   Level  Hunger
a - Magic Dart            Conj           #...         14%         1    N/A

Dungeon Overview and Level Annotations

Branches:
Dungeon (2/15)

Altars:


Innate Abilities, Weirdness & Mutations

You do not eat or drink.
Your flesh is vulnerable to fire.
You are immune to poison.
Your flesh is cold resistant.
You are immune to negative energy.
You are immune to unholy pain and torment.
You can survive without breathing.


Message History

* * * LOW HITPOINT WARNING * * *
Casting: Magic Dart
Confirm with . or Enter, or press ? or * to list all spells.
Aiming: Magic Dart
Press: ? - help, Shift-Dir - straight line, f - goblin
Aim: a goblin, wielding a spear The magic dart hits the goblin.
The goblin is severely wounded.
The goblin hits you with a spear.
* * * LOW HITPOINT WARNING * * *
The goblin barely misses you.
Casting: Magic Dart
Confirm with . or Enter, or press ? or * to list all spells.
Aiming: Magic Dart
Press: ? - help, Shift-Dir - straight line, f/p - goblin
Aim: a goblin, wielding a spear (heavily wounded)
The magic dart hits the goblin.
The goblin is severely wounded.
The goblin hits you from afar with a spear.
You die...

#########
#<@.g...##
########.#
#†# #)#
#.#
#........#
#.##.#...#
# ..#...#
.## ..#


You could see a goblin.

Vanquished Creatures
  A dart slug (D:2)
  A goblin (D:1)
  5 hobgoblins
  2 bats
9 creatures vanquished.

Notes
Turn   | Place    | Note
--------------------------------------------------------------
     0 | D:1      | George the Mummy Wizard began the quest for the Orb.
     0 | D:1      | Reached XP level 1. HP: 13/13 MP: 4/4
   198 | D:1      | Reached skill level 1 in Conjurations
   754 | D:2      | Reached XP level 2. HP: 15/20 MP: 0/6
   773 | D:2      | Slain by a goblin

Vault maps used:
D:1:      zelgadis_glass_arrival_small
D:2:      nemelex_altar_shiori, evilmike_ruin_ashenzari,
          amethyst_overflow_temple_binary, makhleb_blood_cavern_becter,
          uniq_robin

Skill      XL: |  1 |
---------------+----+-----
Conjurations   | 1 |  1.0
Fighting       | |  0.8
Dodging        | |  1.8
Stealth        | |  1.5
Spellcasting   | |  3.1
Summonings     | |  0.7
Translocations | |  0.7

Action                   || total
-------------------------++-------
Melee: Mace              ||     7
 Cast: Magic Dart        ||    19
